 Dungeon Sprint DCSS version 0.30-a0-956-gcec3b41aec (webtiles) character file.

Game seed: 16013371570615748336

10 sircluck the Chopper (level 2, -4/37 (42) HPs)
             Began as a Hill Orc Berserker on Mar 29, 2023.
             Was a Believer of Trog.
             Slain by a wight
             ... wielding a +4 battleaxe
              (16 damage)
             ... in the Dungeon (Sprint VII: "The Pits").
             The game lasted 00:00:39 (154 turns).

sircluck the Chopper (Hill Orc Berserker)            Turns: 154, Time: 00:00:40

HP:   -4/37 (42)    AC:  2    Str: 19    XL:     2   Next: 20%
MP:   2/2           EV: 12    Int:  7    God:    Trog [**....]
Gold: 0             SH:  0    Dex: 10    Spells: 1/1 levels left

rFire   . . .      SeeInvis .    a - +0 hand axe
rCold   . . .      Faith    .    (no shield)
rNeg    . . .      Spirit   .    b - +0 animal skin
rPois   .          Reflect  .    (no helmet)
rElec   .          Rampage  .    (no cloak)
rCorr   .          NoTele   +    (no gloves)
Will    .....                    (no boots) Stlth
                                 (no amulet)
HPRegen 0.26/turn                (no ring)
MPRegen 0.08/turn                (no ring)

@: berserking (expiring), heavily drained, very quick
A: no striking features
a: Renounce Religion, Berserk, Trog's Hand


You were in the Dungeon.
You worshipped Trog.
Trog was pleased with you.
You visited 1 branch

Inventory:

Hand Weapons
 a - a +0 hand axe (weapon)
 l - a +2 hand axe
 m - a +2 mace
Missiles
 k - 10 stones (quivered)
Armour
 b - a +0 animal skin (worn)
Scrolls
 h - a scroll of blinking
 j - a scroll of butterflies
Potions
 c - a potion of curing
 d - a potion of heal wounds
 e - a potion of haste
 f - 4 potions of magic
 g - 3 potions of berserk rage
 i - 2 potions of invisibility


   Skills:
 + Level 4.7 Fighting
 + Level 5.3 Axes
 + Level 2.5 Armour
 + Level 2.1 Dodging


You had one spell level left.
You didn't know any spells.
Your spell library was empty.

Dungeon Overview and Level Annotations

Branches:
Dungeon (1/1)

Altars:
Ashenzari
Cheibriados
Dithmenos
Elyvilon
Fedhas
Gozag
Hepliaklqana
Kikubaaqudgha
Makhleb
Nemelex Xobeh
Okawaru
Qazlal
Ru
Sif Muna
Trog
Uskayaw
Vehumet
Wu Jian
Xom
Yredelemnul
Zin
The Shining One
Beogh
Jiyva
Lugonu


Message History

Trog accepts your kill.
You can now call upon Trog for regeneration and willpower.
There is an open door here.
You start resting.
HP restored.
You open the door.
There is an open door here.
You open the door.
A goblin and an endoplasm come into view.
The goblin shouts!
The endoplasm quivers.
You slash the goblin!
You kill the goblin!
Trog accepts your kill. The endoplasm hits you.
There is an open door here.
Things that are here:
a +0 dagger; a goblin corpse You hit the endoplasm but do no damage.
The endoplasm barely misses you.
You slash the endoplasm!
You kill the endoplasm!
Trog accepts your kill.
You open the large door.
A goblin and 4 wights come into view.
The goblin shouts!
The wight misses you.
A red film seems to cover your vision as you go berserk!
You feel yourself moving faster!
You feel mighty!
An adder skeleton comes into view.
The wight barely misses you. The wight closely misses you.
You feel a strong urge to attack something.
You feel your anger nearly subside.
The wight hits you from afar with a +0 halberd!
You feel drained.
You barely miss the wight. You closely miss the goblin.
The wight hits you from afar with a +0 trident.
The wight hits you from afar with a +0 halberd!
You feel drained. The goblin hits you but does no damage.
The wight hits you with a +4 battleaxe!
You die...

#.?..'.))'.##......#..#
##########.##..........
#...........'...........
#+#####'#####......#..#.
#Z #...'.##...........
#..#...#.#####'#####+
#..#####.##.......#
#..z.z.#.##.......#
#.zzg@.).##.......#
#..########...<...# #.
#.......# # #.......#
#.......# #########


You could see 4 wights and a goblin.

Vanquished Creatures
  An ufetubus (D)
  An endoplasm (D)
  A goblin (D)
  A quokka (D)
  A ball python zombie (D)
5 creatures vanquished.

Notes
Turn   | Place    | Note
-------+----------+-------------------------------------------
     0 | D        | sircluck the Hill Orc Berserker began the quest for the
                  | Orb.
     0 | D        | Reached XP level 1. HP: 19/19 MP: 1/1
    41 | D        | Found a bloodstained altar of Trog.
    41 | D        | Found a shimmering blue altar of Sif Muna.
    41 | D        | Found a viscous altar of Jiyva.
    41 | D        | Found a hazy altar of Hepliaklqana.
    41 | D        | Found an opulent altar of Gozag.
    42 | D        | Found a glowing golden altar of the Shining One.
    42 | D        | Found a glowing silver altar of Zin.
    42 | D        | Found a basalt altar of Yredelemnul.
    42 | D        | Found a shimmering altar of Xom.
    42 | D        | Found an ornate altar of the Wu Jian Council.
    42 | D        | Found a sacrificial altar of Ru.
    42 | D        | Found a stormy altar of Qazlal.
    42 | D        | Found an iron altar of Okawaru.
    42 | D        | Found a sparkling altar of Nemelex Xobeh.
    42 | D        | Found a burning altar of Makhleb.
    42 | D        | Found a blossoming altar of Fedhas.
    42 | D        | Found a white marble altar of Elyvilon.
    42 | D        | Found a shadowy altar of Dithmenos.
    42 | D        | Found a snail-covered altar of Cheibriados.
    44 | D        | Found a radiant altar of Vehumet.
    44 | D        | Found a corrupted altar of Lugonu.
    44 | D        | Found a roughly hewn altar of Beogh.
    45 | D        | Found a hide-covered altar of Uskayaw.
    45 | D        | Found an ancient bone altar of Kikubaaqudgha.
    45 | D        | Found a broken altar of Ashenzari.
    68 | D        | Reached skill level 5 in Axes
    68 | D        | Reached XP level 2. HP: 16/28 MP: 2/2
    73 | D        | Reached ** piety under Trog
   149 | D        | Noticed a wight
   149 | D        | Noticed a wight
   149 | D        | Noticed a wight
   149 | D        | Noticed a wight
   154 | D        | Slain by a wight

Illustrated notes

Levels and vault maps discovered:
D:        pitsprint [storerooms_1, entrance_room_1, metal_vault_5, armoury_1,
          mini_pit_1, grid_room_1, main_hall_1, silver_pit, the_coven_2,
          the_vestibule_1, steel_vault_5, golden_pit, hallway_of_sentries,
          crystal_vault_3, iron_vault_4, final_vault]

Skill      XL: |  1 |
---------------+----+-----
Fighting       | 4 |  4.7
Axes           | 5 |  5.3
Dodging        | 2 |  2.1
Armour         | |  2.5

Action                     || total
---------------------------++-------
  Melee: Hand axe          ||    19
 Invoke: Berserk           ||     1
 Armour: Animal skin       ||     4
  Dodge: Dodged            ||    22

Table legend: (Time is in decaauts)
 A = Elapsed time spent in this place.
 B = Non-inter-level travel time spent in this place.
 C = Inter-level travel time spent in this place.
 D = Time resting spent in this place.
 E = Time spent auto-exploring this place.
 F = Levels seen in this place.
 G = Mean time per level.
                   A        B        C        D        E       F      G
               +--------+--------+--------+--------+--------+-----+--------+
         Total |    154 |    135 |     19 |     55 |      0 |   1 |  154.0 |
       Dungeon |    154 |    135 |     19 |     55 |      0 |   1 |  154.0 |
               +--------+--------+--------+--------+--------+-----+--------+

Top non-repeatable levels by time:
       D: 154 daAuts
